TOP OF THE 1ST |
Vermont Lake Monsters batting - Pitching for Minnesota (NYP) Twins : LHP Josh Armstrong
|
Pitching: LHP Josh Armstrong
|
|
Batting: RHB Danny Heikkila
|
0-0: Called Strike 0-1: Fly out, F7 (Line Drive, 7D, EV 91.2 MPH)
|
Batting: RHB Ricardo Mariscal
|
0-0: Foul Ball, location: 2F 0-1: Ball 1-1: Called Strike 1-2: Ground out 4-3 (Groundball, 4, EV 83.8 MPH)
|
Batting: LHB Angel Sanchez
|
0-0: Swinging Strike 0-1: Ball 1-1: Swinging Strike 1-2: Fly out, F8 (Flyball, 8LM, EV 95.6 MPH)
|
Top of the 1st over - 0 runs, 0 hits, 0 errors, 0 left on base; Vermont 0 - Minnesota (NYP) 0 |
BOTTOM OF THE 1ST |
Minnesota (NYP) Twins batting - Pitching for Vermont Lake Monsters : LHP Shane Stratton
|
Pitching: LHP Shane Stratton
|
|
Batting: LHB Chris Munguia
|
0-0: Ball 1-0: Called Strike 1-1: Ground out 4-3 (Groundball, 4, EV 80.6 MPH)
|
Batting: RHB Sean Gould
|
0-0: Called Strike 0-1: Called Strike 0-2: Strikes out looking
|
Batting: SHB Ian Thompson
|
0-0: Ball 1-0: Foul Ball, location: 2F 1-1: Called Strike 1-2: Foul Ball, location: 2F 1-2: Ball 2-2: TRIPLE (Groundball, 3L, EV 104.4 MPH)
|
Batting: RHB Jose Nunez
|
0-0: Foul Ball, location: 2F 0-1: Ground out 5-3 (Groundball, 56, EV 86.9 MPH)
|
Bottom of the 1st over - 0 runs, 1 hit, 0 errors, 1 left on base; Vermont 0 - Minnesota (NYP) 0 |
TOP OF THE 2ND |
Vermont Lake Monsters batting - Pitching for Minnesota (NYP) Twins : LHP Josh Armstrong
|
Batting: RHB Tony Moran
|
0-0: DOUBLE (Line Drive, 89M, EV 91.9 MPH)
|
Batting: RHB Casey Nicita
|
0-0: Ball 1-0: Foul Ball, location: 2F 1-1: Ball 2-1: Foul Ball, location: 2F 2-2: Ball 3-2: Foul Ball, location: 2F 3-2: Ground out 6-3 (Groundball, 6S, EV 87.5 MPH) Tony Moran to third
|
Batting: RHB Jose Marquez
|
0-0: SINGLE (Groundball, 5L, EV 83.8 MPH) (infield hit) Tony Moran scores
|
Batting: SHB Mike Jorgenson
|
0-0: Ball Jose Marquez is caught stealing 2nd base 2-4 1-0: DOUBLE (Groundball, 5L, EV 106.2 MPH)
|
Batting: RHB D.J. Torres
|
0-0: Ground out 6-3 (Groundball, 6MS, EV 88.8 MPH)
|
Top of the 2nd over - 1 run, 3 hits, 0 errors, 1 left on base; Vermont 1 - Minnesota (NYP) 0 |
BOTTOM OF THE 2ND |
Minnesota (NYP) Twins batting - Pitching for Vermont Lake Monsters : LHP Shane Stratton
|
Batting: RHB Willie Jimenez
|
0-0: Ball 1-0: Foul Ball, location: 2F 1-1: Ball 2-1: Swinging Strike 2-2: Fly out, F7 (Flyball, 7LS, EV 85.6 MPH)
|
Batting: LHB Seung-jun Chang
|
0-0: Ball 1-0: Bunt for hit to P - play at first, batter safe!
|
Batting: RHB Gustavo Pacheco
|
0-0: Called Strike Seung-jun Chang steals 2nd base (no throw) 0-1: Ball 1-1: Ground out 4-3 (Groundball, 4, EV 102.5 MPH) Seung-jun Chang to third
|
Batting: SHB Donell Burney
|
0-0: Ground out 4-3 (Groundball, 4M, EV 79.4 MPH)
|
Bottom of the 2nd over - 0 runs, 1 hit, 0 errors, 1 left on base; Vermont 1 - Minnesota (NYP) 0 |
TOP OF THE 3RD |
Vermont Lake Monsters batting - Pitching for Minnesota (NYP) Twins : LHP Josh Armstrong
|
Batting: RHB Hidetada Iba
|
0-0: Ball 1-0: Foul Ball, location: 2F 1-1: Foul Ball, location: 2F 1-2: Strikes out looking
|
Batting: RHB Danny Heikkila
|
0-0: Foul Ball, location: 2F 0-1: Swinging Strike 0-2: SINGLE (Groundball, 6M, EV 87.5 MPH) (infield hit)
|
Batting: RHB Ricardo Mariscal
|
0-0: Ball 1-0: Ball 2-0: Foul Ball, location: 2F 2-1: Grounds into double play, 5-4-3 (Groundball, 56, EV 101.2 MPH)
|
Top of the 3rd over - 0 runs, 1 hit, 0 errors, 0 left on base; Vermont 1 - Minnesota (NYP) 0 |
BOTTOM OF THE 3RD |
Minnesota (NYP) Twins batting - Pitching for Vermont Lake Monsters : LHP Shane Stratton
|
Batting: RHB Ruben Torres
|
0-0: Swinging Strike 0-1: Ball 1-1: Ball 2-1: Called Strike 2-2: Ball 3-2: Foul Ball, location: 2F 3-2: Foul Ball, location: 2F 3-2: Strikes out swinging
|
Batting: LHB Chris Munguia
|
0-0: Ball 1-0: Swinging Strike 1-1: Foul Ball, location: 2F 1-2: SINGLE (Line Drive, 89S, EV 92.5 MPH)
|
Batting: RHB Sean Gould
|
0-0: Called Strike 0-1: Ball 1-1: Foul Ball, location: 2F 1-2: Foul Ball, location: 2F 1-2: SINGLE (Groundball, 6MD, EV 94.4 MPH) Chris Munguia to second
|
Batting: SHB Ian Thompson
|
0-0: Called Strike 0-1: Ball 1-1: Ball 2-1: Foul Ball, location: 2F 2-2: Strikes out swinging
|
Batting: RHB Jose Nunez
|
0-0: Ball 1-0: Ball 2-0: SINGLE (Groundball, 6MD, EV 103.8 MPH) Chris Munguia to third Sean Gould to second Runner from 3rd tries for Home, SAFE, throw by CF to home
|
Batting: RHB Willie Jimenez
|
0-0: Swinging Strike 0-1: Swinging Strike 0-2: Foul Ball, location: 2F 0-2: Strikes out swinging
|
Bottom of the 3rd over - 1 run, 3 hits, 0 errors, 2 left on base; Vermont 1 - Minnesota (NYP) 1 |
TOP OF THE 4TH |
Vermont Lake Monsters batting - Pitching for Minnesota (NYP) Twins : LHP Josh Armstrong
|
Batting: LHB Angel Sanchez
|
0-0: SINGLE (Line Drive, 8RS, EV 104.4 MPH)
|
Batting: RHB Tony Moran
|
0-0: Ball 1-0: Ball Angel Sanchez steals 2nd base 2-0: Ball 3-0: Called Strike 3-1: SINGLE (Line Drive, 89S, EV 111.9 MPH) Angel Sanchez to third Runner from 3rd tries for Home, SAFE, throw by RF to home
|
Batting: RHB Casey Nicita
|
0-0: Ball Tony Moran steals 2nd base 1-0: Ball 2-0: Called Strike 2-1: Foul Ball, location: 2F 2-2: Foul Ball, location: 2F 2-2: Ground out 5-3 (Groundball, 5S, EV 67.5 MPH) Tony Moran to third
|
Batting: RHB Jose Marquez
|
0-0: Called Strike 0-1: Foul Ball, location: 2F 0-2: Foul Ball, location: 2F 0-2: Ball 1-2: Ground out 5-3 (Groundball, 5, EV 101.2 MPH)
|
Batting: SHB Mike Jorgenson
|
0-0: Ball 1-0: Foul Ball, location: 2F 1-1: Called Strike 1-2: Foul Ball, location: 2F 1-2: Fly out, F4 (Popup, 3S, EV 77.5 MPH)
|
Top of the 4th over - 1 run, 2 hits, 0 errors, 1 left on base; Vermont 2 - Minnesota (NYP) 1 |
BOTTOM OF THE 4TH |
Minnesota (NYP) Twins batting - Pitching for Vermont Lake Monsters : LHP Shane Stratton
|
Batting: LHB Seung-jun Chang
|
0-0: Ground out 5-3 (Groundball, 56S, EV 71.9 MPH)
|
Batting: RHB Gustavo Pacheco
|
0-0: Called Strike 0-1: Foul Ball, location: 2F 0-2: Strikes out swinging
|
Batting: SHB Donell Burney
|
0-0: Ball 1-0: Ball 2-0: Ball 3-0: Base on Balls
|
Batting: RHB Ruben Torres
|
0-0: Called Strike Balk! Donell Burney to second 0-1: Ball 1-1: Ground out 4-3 (Groundball, 4, EV 107.5 MPH)
|
Bottom of the 4th over - 0 runs, 0 hits, 0 errors, 1 left on base; Vermont 2 - Minnesota (NYP) 1 |
TOP OF THE 5TH |
Vermont Lake Monsters batting - Pitching for Minnesota (NYP) Twins : LHP Josh Armstrong
|
Batting: RHB D.J. Torres
|
0-0: Ball 1-0: Ball 2-0: Reached via error on a dropped throw from SS, E3 (Groundball, 56, EV 101.2 MPH)
|
Batting: RHB Hidetada Iba
|
0-0: Ball 1-0: Foul Ball, location: 2F 1-1: Ball 2-1: Swinging Strike 2-2: Ball 3-2: Foul Ball, location: 2F 3-2: Strikes out swinging
|
Batting: RHB Danny Heikkila
|
0-0: Swinging Strike 0-1: Ball 1-1: Foul Ball, location: 2F 1-2: SINGLE (Groundball, 56D, EV 105.6 MPH) D.J. Torres to second
|
Pitching: LHP Mike Horton
|
|
Batting: RHB Ricardo Mariscal
|
0-0: Called Strike 0-1: Called Strike 0-2: Foul Ball, location: 2F 0-2: SINGLE (Line Drive, 56D, EV 95.0 MPH) D.J. Torres to third Danny Heikkila to second
|
Batting: LHB Angel Sanchez
|
0-0: Called Strike 0-1: Ball Wild Pitch! D.J. Torres scores Danny Heikkila to third Ricardo Mariscal to second 1-1: Foul Ball, location: 2F 1-2: Strikes out swinging
|
Batting: RHB Tony Moran
|
0-0: Called Strike 0-1: Ball 1-1: Ball 2-1: Called Strike 2-2: Ball 3-2: Ground out 6-3 (Groundball, 6, EV 96.2 MPH)
|
Top of the 5th over - 1 run, 2 hits, 1 error, 2 left on base; Vermont 3 - Minnesota (NYP) 1 |
BOTTOM OF THE 5TH |
Minnesota (NYP) Twins batting - Pitching for Vermont Lake Monsters : LHP Shane Stratton
|
Batting: LHB Chris Munguia
|
0-0: Called Strike 0-1: Swinging Strike 0-2: Foul Ball, location: 2F 0-2: Foul Ball, location: 2F 0-2: Strikes out swinging
|
Batting: RHB Sean Gould
|
0-0: Ball 1-0: Fly out, F9 (Flyball, 9S, EV 84.4 MPH)
|
Batting: SHB Ian Thompson
|
0-0: Ball 1-0: Ground out 6-3 (Groundball, 6, EV 110.6 MPH)
|
Bottom of the 5th over - 0 runs, 0 hits, 0 errors, 0 left on base; Vermont 3 - Minnesota (NYP) 1 |
TOP OF THE 6TH |
Vermont Lake Monsters batting - Pitching for Minnesota (NYP) Twins : LHP Mike Horton
|
Batting: RHB Casey Nicita
|
0-0: Called Strike 0-1: Ball 1-1: Ball 2-1: SOLO HOME RUN (Flyball, 78XD, EV 115.0 MPH), Distance : 446 ft
|
Batting: RHB Jose Marquez
|
0-0: Swinging Strike 0-1: Ball 1-1: Ball 2-1: Called Strike 2-2: Foul Ball, location: 2F 2-2: Ball 3-2: Base on Balls
|
Batting: SHB Mike Jorgenson
|
0-0: Swinging Strike 0-1: Foul Ball, location: 2F 0-2: Fly out, F7 (Line Drive, 7, EV 93.8 MPH)
|
Batting: RHB D.J. Torres
|
0-0: Ball 1-0: Called Strike 1-1: Ball 2-1: Ball 3-1: Foul Ball, location: 2F 3-2: Fielders Choice at 2nd, 4-6 (Groundball, 4, EV 89.4 MPH)
|
Pitching: LHP Shi-fu Zhou
|
|
Batting: RHB Hidetada Iba
|
0-0: Foul Ball, location: 2F 0-1: Called Strike 0-2: Foul Ball, location: 2F 0-2: Ball 1-2: Fielders Choice at 2nd, 5-4 (Groundball, 56, EV 105.0 MPH)
|
Top of the 6th over - 1 run, 1 hit, 0 errors, 1 left on base; Vermont 4 - Minnesota (NYP) 1 |
BOTTOM OF THE 6TH |
Minnesota (NYP) Twins batting - Pitching for Vermont Lake Monsters : LHP Shane Stratton
|
Batting: RHB Jose Nunez
|
0-0: Fly out, F8 (Line Drive, 8RM, EV 95.6 MPH)
|
Batting: RHB Willie Jimenez
|
0-0: Ball 1-0: Ball 2-0: Ground out 1-3 (Groundball, 13, EV 69.4 MPH)
|
Batting: LHB Seung-jun Chang
|
0-0: Ball 1-0: Ball 2-0: Ball 3-0: Base on Balls
|
Batting: RHB Gustavo Pacheco
|
0-0: Ball Seung-jun Chang is caught stealing 2nd base 2-4
|
Bottom of the 6th over - 0 runs, 0 hits, 0 errors, 0 left on base; Vermont 4 - Minnesota (NYP) 1 |
TOP OF THE 7TH |
Vermont Lake Monsters batting - Pitching for Minnesota (NYP) Twins : LHP Shi-fu Zhou
|
Batting: RHB Danny Heikkila
|
0-0: Ball 1-0: Ball 2-0: Ball 3-0: Base on Balls
|
Batting: RHB Ricardo Mariscal
|
0-0: Ball 1-0: Swinging Strike 1-1: Called Strike 1-2: Fly out, F7 (Flyball, 7LD, EV 95.0 MPH)
|
Batting: LHB Angel Sanchez
|
0-0: Called Strike 0-1: Ball Danny Heikkila is caught stealing 2nd base 2-6 1-1: Called Strike 1-2: Foul Ball, location: 2F 1-2: Foul Ball, location: 2F 1-2: Strikes out swinging
|
Top of the 7th over - 0 runs, 0 hits, 0 errors, 0 left on base; Vermont 4 - Minnesota (NYP) 1 |
BOTTOM OF THE 7TH |
Minnesota (NYP) Twins batting - Pitching for Vermont Lake Monsters : LHP Shane Stratton
|
Batting: RHB Gustavo Pacheco
|
0-0: Ball 1-0: Swinging Strike 1-1: Ball 2-1: Ball 3-1: Foul Ball, location: 2F 3-2: Strikes out swinging, 2-3 out at first.
|
Pitching: RHP Cory Falcon
|
|
Batting: SHB Donell Burney
|
0-0: Ball 1-0: Ball 2-0: Called Strike 2-1: Foul Ball, location: 2F 2-2: Foul Ball, location: 2F 2-2: Strikes out looking
|
Batting: RHB Ruben Torres
|
0-0: Ball 1-0: Swinging Strike 1-1: Ball 2-1: Ground out 4-3 (Groundball, 13, EV 93.1 MPH)
|
Bottom of the 7th over - 0 runs, 0 hits, 0 errors, 0 left on base; Vermont 4 - Minnesota (NYP) 1 |
TOP OF THE 8TH |
Vermont Lake Monsters batting - Pitching for Minnesota (NYP) Twins : LHP Shi-fu Zhou
|
Pitching: RHP Stewart Wilson
|
|
Batting: RHB Tony Moran
|
0-0: Ball 1-0: Foul Ball, location: 2F 1-1: Ball 2-1: Foul Ball, location: 2F 2-2: Strikes out looking
|
Batting: RHB Casey Nicita
|
0-0: Ball 1-0: Ball 2-0: Called Strike 2-1: Foul Ball, location: 2F 2-2: Ball 3-2: Base on Balls
|
Batting: RHB Jose Marquez
|
0-0: Called Strike Casey Nicita steals 2nd base 0-1: Reached on error, E6 (Groundball, 6, EV 83.1 MPH) Casey Nicita to third
|
DELAY
|
Rain delay of 70 minutes in the 8th inning.
|
Batting: SHB Mike Jorgenson
|
0-0: Ground out U3 (Groundball, 3, EV 83.1 MPH) Jose Marquez to second
|
Batting: RHB D.J. Torres
|
0-0: SINGLE (Groundball, 34D, EV 96.2 MPH) Casey Nicita scores Jose Marquez to third Runner from 3rd tries for Home, SAFE, throw by RF to home
|
Batting: RHB Hidetada Iba
|
0-0: Ball 1-0: Ball 2-0: Foul Ball, location: 2F 2-1: Fly out, F9 (Flyball, 89M, EV 88.1 MPH)
|
Top of the 8th over - 2 runs, 1 hit, 1 error, 1 left on base; Vermont 6 - Minnesota (NYP) 1 |
BOTTOM OF THE 8TH |
Minnesota (NYP) Twins batting - Pitching for Vermont Lake Monsters : RHP Cory Falcon
|
Batting: LHB Chris Munguia
|
0-0: Ball 1-0: Foul Ball, location: 2F 1-1: Foul Ball, location: 2F 1-2: Ball 2-2: Ball 3-2: Base on Balls
|
Batting: RHB Sean Gould
|
0-0: Called Strike 0-1: Called Strike 0-2: Ball 1-2: Strikes out swinging
|
Pitching: RHP Harry Maurer
|
|
Batting: SHB Ian Thompson
|
0-0: Ball 1-0: Ball 2-0: Ball 3-0: Base on Balls Chris Munguia to second
|
Batting: RHB Jose Nunez
|
0-0: Ball 1-0: Called Strike 1-1: Ball Passed Ball! Chris Munguia to third Ian Thompson to second 2-1: Ball 3-1: Base on Balls
|
Batting: RHB Willie Jimenez
|
0-0: Foul Ball, location: 2F 0-1: DOUBLE (Line Drive, 89M, EV 103.1 MPH) Chris Munguia scores Ian Thompson scores Jose Nunez to third
|
Batting: LHB Seung-jun Chang
|
0-0: Fly out, F8 (Flyball, 78XD, EV 104.4 MPH) Runner from 3rd tags up, SCORES, no throw by CF Willie Jimenez to third
|
Pinch Hitting: RHB David Nardone
|
0-0: Ball 1-0: Called Strike 1-1: Ball 2-1: Foul Ball, location: 2F 2-2: Ball 3-2: Base on Balls
|
Pitching: RHP Travis Feind
|
|
Now at 3B: Justin Menotti
|
|
Pinch Hitting: RHB Michael McDonald
|
0-0: Ball 1-0: Fly out, F3 (Popup, 3L, EV 76.2 MPH)
|
Bottom of the 8th over - 3 runs, 1 hit, 0 errors, 2 left on base; Vermont 6 - Minnesota (NYP) 4 |
TOP OF THE 9TH |
Vermont Lake Monsters batting - Pitching for Minnesota (NYP) Twins : RHP Stewart Wilson
|
Pitching: RHP Matt Lundy
|
|
Now at SS: Chris Starcher
|
|
Now in CF: David Nardone
|
|
Batting: RHB Danny Heikkila
|
0-0: Called Strike 0-1: Ball 1-1: Called Strike 1-2: Ball 2-2: Ground out 6-3 (Groundball, 6, EV 103.8 MPH)
|
Batting: RHB Ricardo Mariscal
|
0-0: Ball 1-0: Ball 2-0: Called Strike 2-1: TRIPLE (Flyball, 9D, EV 91.2 MPH)
|
Batting: LHB Angel Sanchez
|
0-0: Intentional Walk
|
Batting: RHB Tony Moran
|
0-0: Ball 1-0: Called Strike Angel Sanchez steals 2nd base 1-1: Foul Ball, location: 2F 1-2: Fly out, F8 (Flyball, 8RM, EV 84.4 MPH) Runner from 3rd tags up, SCORES, throw by CF
|
Batting: RHB Casey Nicita
|
0-0: Called Strike 0-1: Ball 1-1: Foul Ball, location: 2F 1-2: Ball 2-2: Strikes out swinging
|
Top of the 9th over - 1 run, 1 hit, 0 errors, 1 left on base; Vermont 7 - Minnesota (NYP) 4 |
BOTTOM OF THE 9TH |
Minnesota (NYP) Twins batting - Pitching for Vermont Lake Monsters : RHP Travis Feind
|
Pitching: RHP Adrian Frazier
|
|
Batting: RHB Ruben Torres
|
0-0: Called Strike 0-1: Called Strike 0-2: Ball 1-2: DOUBLE (Line Drive, 3D, EV 108.8 MPH)
|
Batting: LHB Chris Munguia
|
0-0: Ball 1-0: Foul Ball, location: 2F 1-1: Called Strike 1-2: Strikes out swinging
|
Batting: RHB Sean Gould
|
0-0: Ball 1-0: Ground out 5-3 (Groundball, 56S, EV 86.2 MPH)
|
Batting: SHB Ian Thompson
|
0-0: Called Strike 0-1: Ball 1-1: Ball 2-1: Called Strike 2-2: Ball 3-2: Strikes out swinging
|
Bottom of the 9th over - 0 runs, 1 hit, 0 errors, 1 left on base; Vermont 7 - Minnesota (NYP) 4 |
|